 Dungeon Crawl Stone Soup version 0.31-a0-161-gb58dd9be76 (webtiles) character file.

Game seed: 11215836624531448444

432837 mopl the Executioner (level 23, -5/217 HPs)
             Began as a Hill Orc Fighter on June 12, 2023.
             Was the Champion of Beogh.
             Killed from afar by a tengu reaver (30 damage)
             ... with a bolt of cold
             ... on level 4 of the Depths.
             The game lasted 01:40:01 (57681 turns).

mopl the Executioner (Hill Orc Fighter)            Turns: 57681, Time: 01:40:03

Health: -5/217     AC: 24    Str: 26    XL:     23   Next: 95%
Magic:  37/37      EV: 17    Int: 10    God:    Beogh [******]
Gold:   4372       SH:  0    Dex: 14    Spells: 18/22 levels left

rFire   + . .        a - +4 executioner's axe (vamp)
rCold   + . .        (shield currently unavailable)
rNeg    + . .        C - +1 crystal plate armour {rC+}
rPois   +            M - +3 crown of Dyrovepreva {rElec Int+2 SInv}
rElec   +            N - +1 cloak "Cutedozu" {rPois rF+}
rCorr   .            G - +2 pair of gloves
SInv    +            s - +2 pair of boots of Dice, Bag, and Bottle {rN+}
Will    ++...        K - amulet of the acrobat Stlth
                     W - +5 ring of evasion
HPRegen 0.56/turn    I - ring of willpower
MPRegen 0.25/turn

%: acrobat
@: mighty, corroded
A: walk on water
}: 2/15 runes: decaying, gossamer
a: Renounce Religion, Smiting, Recall Orcish Followers, Give Item to Named
Follower, Resurrection


You were on level 4 of the Depths.
You worshipped Beogh.
Beogh was exalted by your worship.
You visited 8 branches of the dungeon, and saw 41 of its levels.
You also visited: Ossuary, Bailey and Ice Cave.

You collected 7201 gold pieces.
You spent 2829 gold pieces at shops.

Inventory:

Hand Weapons
 a - a +4 vampiric executioner's axe (weapon)
 b - the +2 Maxwell's thermic engine {flame, freeze, rev}
   (You found it in an ice cave)
 c - a +3 broad axe of venom
 u - a +5 battleaxe of flaming
Missiles
 l - 27 curare-tipped darts
 n - 5 javelins
 o - 2 throwing nets
 t - 2 datura-tipped darts
 v - 33 poisoned darts
 x - 28 boomerangs (quivered)
Armour
 p - +4 storm dragon scales {Bai Suzhen}
 r - +0 gold dragon scales
 s - the +2 pair of boots of Dice, Bag, and Bottle (worn) {rN+}
   (You found it on level 3 of the Elven Halls)

   rN:        It protects you from negative energy.
 C - a +1 crystal plate armour of cold resistance (worn)
 G - a +2 pair of gloves (worn)
 M - the +3 crown of Dyrovepreva (worn) {rElec Int+2 SInv}
   (You bought it in a shop on level 1 of the Vaults)

   Int:       It affects your intelligence (+2).
   rElec:     It insulates you from electricity.
   SInv:      It lets you see invisible.
 N - the +1 cloak "Cutedozu" (worn) {rPois rF+}
   (You acquired it in a bailey)

   rF:        It protects you from fire.
   rPois:     It protects you from poison.
Jewellery
 I - a ring of willpower (right hand)
 K - an amulet of the acrobat (around neck)
 L - a ring of flight
 W - a +5 ring of evasion (left hand)
Wands
 d - a wand of acid (38)
 j - a wand of polymorph (28)
 J - a wand of roots (38)
 Q - a wand of mindburst (28)
 S - a wand of flame (87)
 X - a wand of digging (11)
 Z - a wand of charming (50)
Scrolls
 f - 14 scrolls of teleportation
 h - 8 scrolls of immolation
 k - 3 scrolls of blinking
 q - 4 scrolls of silence {!r}
 w - 7 scrolls of fog
 y - 5 scrolls of revelation
 D - 5 scrolls of vulnerability
 R - 5 scrolls of poison
 T - 6 scrolls of butterflies
 U - 6 scrolls of fear
Potions
 e - 5 potions of heal wounds
 g - 12 potions of curing
 i - 8 potions of cancellation
 m - 3 potions of magic
 z - 4 potions of haste
 A - 3 potions of invisibility
 F - 8 potions of enlightenment
 H - 4 potions of berserk rage {!q}
 O - 6 potions of might
 P - 5 potions of ambrosia
 V - 5 potions of lignification {!q}
 Y - 3 potions of mutation {!q}
Miscellaneous
 B - a lightning rod (4/4)
 E - a sack of spiders


   Skills:
 + Level 20.5 Fighting
 - Level 24.0 Axes
 + Level 13.7 Throwing
 + Level 18.6 Armour
 + Level 16.0 Dodging
 - Level 3.2 Shields
 + Level 1.0 Translocations
 + Level 1.0 Transmutations
 * Level 20.7 Invocations
 + Level 13.7 Evocations


You had 18 spell levels left.
You knew the following spells:

 Your Spells              Type           Power      Damage    Failure   Level
e - Blink                 Tloc           4%         N/A       99%         2
w - Wereblood             Tmut           2%         N/A       99%         2

Your spell library contained the following spells:

 Spells                   Type           Power      Damage    Failure   Level
 Foxfire                  Conj/Fire      0%         2x1d4     99%         1
 Magic Dart               Conj           0%         1d3       99%         1
 Necrotise                Necr           0%         1d4       99%         1
 Sandblast                Erth           0%         2d4       99%         1
 Slow                     Hex            0%         N/A       99%         1
 Summon Small Mammal      Summ           0%         N/A       99%         1
 Lesser Beckoning         Tloc           4%         N/A       99%         2
 Call Imp                 Summ           0%         N/A       100%        2
 Cigotuvi's Dreadful Rot  Necr/Pois/Air  0%         N/A       100%        2
 Momentum Strike          Conj/Tloc      2%         3d8       100%        2
 Passwall                 Tmut/Erth      0%         N/A       100%        2
 Sublimation of Blood     Necr           0%         N/A       100%        2
 Call Canine Familiar     Summ           0%         N/A       100%        3
 Confusing Touch          Hex            0%         N/A       100%        3
 Gell's Gravitas          Tloc           2%         N/A       100%        3
 Hailstorm                Conj/Ice       0%         3d3       100%        3
 Ignite Poison            Fire/Tmut/Pois 0%         N/A       100%        3
 Inner Flame              Hex/Fire       0%         N/A       100%        3
 Ozocubu's Armour         Ice            0%         N/A       100%        3
 Portal Projectile        Hex/Tloc       2%         N/A       100%        3
 Stone Arrow              Conj/Erth      0%         3d7       100%        3
 Summon Guardian Golem    Hex/Summ       0%         N/A       100%        3
 Teleport Other           Tloc           2%         N/A       100%        3
 Tukima's Dance           Hex            0%         N/A       100%        3
 Vampiric Draining        Necr           0%         2d6       100%        3
 Animate Dead             Necr           0%         N/A       100%        4
 Flame Wave               Conj/Fire      0%         2d4       100%        4
 Ice Form                 Ice/Tmut       1%         N/A       100%        4
 Leda's Liquefaction      Hex/Erth       0%         N/A       100%        4
 Petrify                  Tmut/Erth      1%         N/A       100%        4
 Sticky Flame             Conj/Fire      0%         2d3       100%        4
 Agony                    Necr           0%         N/A       100%        5
 Arcjolt                  Conj/Air       0%         1d10      100%        5
 Blade Hands              Tmut           1%         N/A       100%        5
 Borgnjor's Vile Clutch   Necr/Erth      0%         N/A       100%        5
 Freezing Cloud           Conj/Ice/Air   0%         6-21      100%        5
 Irradiate                Conj/Tmut      0%         3d11      100%        5
 Lee's Rapid Deconstruct  Erth           0%         3d4*      100%        5
 Metabolic Englaciation   Hex/Ice        0%         N/A       100%        5
 Summon Forest            Summ/Tloc      0%         N/A       100%        5
 Summon Mana Viper        Hex/Summ       0%         N/A       100%        5
 Yara's Violent Unravell  Hex/Tmut       0%         3d3       100%        5
 Death Channel            Necr           0%         N/A       100%        6
 Leda's Unmaking          Conj/Erth      0%         9d1       100%        6
 Simulacrum               Ice/Necr       0%         N/A       100%        6
 Statue Form              Tmut/Erth      0%         N/A       100%        6
 Summon Cactus Giant      Summ           0%         N/A       100%        6
 Orb of Destruction       Conj           0%         9d5       100%        7
 Spellforged Servitor     Conj/Summ      0%         N/A       100%        7
 Storm Form               Tmut/Air       0%         N/A       100%        7
 Summon Hydra             Summ           0%         N/A       100%        7
 Discord                  Hex            0%         N/A       100%        8
 Lehudib's Crystal Spear  Conj/Erth      0%         10d2      100%        8
 Maxwell's Capacitive Co  Air            0%         ∞         100%        8


Dungeon Overview and Level Annotations

Branches:
Dungeon (15/15)            Temple (0/1) D:6            Lair (5/5) D:11
  Swamp (4/4) Lair:3       Spider (4/4) Lair:2        Slime (0/5) Lair:5
    Orc (2/2) D:12            Elf (3/3) Orc:2        Vaults (4/5) D:13
  Crypt (0/3) Vaults:3     Depths (4/4) D:15        Ossuary (visited)
 Bailey (visited)           IceCv (visited)
    Zot: Depths:4

Altars:
Ashenzari
Cheibriados
Dithmenos
Gozag
Qazlal
Ru
Uskayaw
Vehumet
Xom
Zin
The Shining One
Jiyva
Lugonu

Shops:
D:7 (   D:15 ?   Orc:2 :(??   Elf:1 !   Elf:2 [   Elf:3 =   Vaults:1 [
Vaults:2 :*   Vaults:4 =   Depths:4 :

Portals:
Hell: Depths:1 Depths:2 Depths:3
Abyss: Lair:5 Depths:1 Depths:3 Depths:4
Pandemonium: Depths:2
Ziggurat: Depths:1

Annotations:
D:4 2 transporters, Sermion's ghost, novice DsBe
Lair:2 1 runed translucent door, Picaen's ghost, journeyman DsNe


Message History

You feel strangely unstable. The caustic shrike claws you!
* * * LOW HITPOINT WARNING * * *
You are splashed with acid!
* * * LOW HITPOINT WARNING * * *
The caustic shrike closely misses you. The caustic shrike misses you.
The caustic shrike attacks as you move away!
The caustic shrike completely misses you.
The caustic shrike claws you.
* * * LOW HITPOINT WARNING * * *
The acid corrodes you!
You are splashed with acid.
* * * LOW HITPOINT WARNING * * *
The caustic shrike attacks as you move away!
The caustic shrike completely misses you.
Your surroundings suddenly seem different.
Saving game... please wait.
Welcome back, mopl the Hill Orc Fighter.
Beogh says: Drown the unbelievers in a sea of blood!
Press ? for a list of commands and other information.
Found a one-way gate to the infinite horrors of the Abyss.
Saving game... please wait.
Welcome back, mopl the Hill Orc Fighter.
Beogh says: Drown the unbelievers in a sea of blood!
Press ? for a list of commands and other information.
A tengu reaver comes into view. It is wielding a +0 war axe.
The tengu reaver moves out of view.
The tengu reaver casts a spell at you. The bolt of lightning hits you!
You resist.
* * * LOW HITPOINT WARNING * * *
The bolt of lightning misses you.
You hear a deafening roar!
You hear a screech!
You hear a shout! x3
You hear an angry buzzing noise.
You hear a shout!
There is an open door here.
Aiming: Charm
Press: ? - help, Shift-Dir - straight line, f - tengu reaver
Aim: a tengu reaver, wielding a +0 war axe, wearing a +0 ring mail and wearing a +2 buckler (chance to affect: 43%)
The tengu reaver resists with some effort.
The tengu reaver points at you and mumbles some strange words.
The bolt of cold hits you!! You resist.
You die...

+.....# #.....#
#.....#####
#.................#.
#.................#.
#.................#.
###+#...................
###...............⌠...⌠.
#X#..##@########....∩...
.###..#.........#..⌠...⌠.
∩.....#.........#........
.###..#.....Q...#......#.
.#*#. #.........#......#.
#'#########......#.
.................#.
.................#.
.................#.


You could see a tengu reaver.

Vanquished Creatures
  Mara (Spider:3)
  A juggernaut (Depths:3)
  Sojobo (Depths:1)
  Bai Suzhen (Vaults:2)
  Xtahua (Vaults:3)
  3 caustic shrikes
  3 golden dragons (Depths:3)
  the Enchantress (Depths:2)
  A hellephant (Depths:1)
  Zenata (Vaults:1)
  A tentacled monstrosity (Depths:3)
  A walking earthen tome (Depths:3)
  A walking frostbound tome (Depths:3)
  2 liches
  Mlioglotl (Spider:2)
  A titan (Depths:3)
  4 deep elf blademasters (Elf:3)
  3 walking divine tomes (Depths:3)
  Asterion (Elf:3)
  2 deep elf master archers (Elf:3)
  Kirke (Swamp:3)
  3 sphinxes
  2 tengu reavers
  3 storm dragons
  2 shadow dragons
  A fenstrider witch (Swamp:4)
  3 frost giants
  4 fire giants
  11 vault wardens
  5 emperor scorpions
  12 deep elf sorcerers
  Louise (Elf:3)
  8 ghost moths
  4 deep elf elementalists (Elf:3)
  An iron dragon (Depths:3)
  A reaper (IceCv)
  An orc warlord (Bailey)
  14 ironbound preservers
  A ghoul (Swamp:3)
  11 stone giants
  8 very ugly things
  7 ironbound thunderhulks
  A broodmother (Spider:3)
  5 spriggan defenders
  4 formless jellyfish
  2 war gargoyles
  7 deep elf annihilators (Elf:3)
  4 dire elephants
  3 bunyips
  A spark wasp (Spider:4)
  6 eleionomae
  7 deep elf demonologists
  11 deep elf death magi
  Snorg (D:12)
  11 ettins
  A merfolk javelineer (Depths:3)
  A crystal guardian (Vaults:2)
  A quicksilver dragon zombie (Depths:2)
  14 yaktaur captains
  5 deep elf high priests
  8 fire dragons
  Josephine (Spider:1)
  5 entropy weavers
  6 great orbs of eyes
  3 shambling mangroves
  16 hydras
  5 vault guards
  11 ice dragons
  3 peacekeepers
  6 rakshasas
  5 spriggan air magi
  A ghost crab (Swamp:2)
  An ogre mage (D:15)
  A death knight (D:15)
  6 ironbound frosthearts
  A catoblepas (D:14)
  3 death yaks (Lair:3)
  8 alligators
  20 dancing weapons
  2 jorogumos
  8 two-headed ogres
  4 tengu warriors
  22 centaur warriors
  14 boulder beetles
  4 radroaches (Spider:4)
  8 hell hogs (Depths:1)
  Erica (D:8)
  2 vampire magi
  2 thrashing horrors (Lair:5)
  14 deep troll earth magi
  10 demonic crawlers
  7 deep troll shamans
  5 spriggan berserkers
  An orc high priest (Elf:1)
  22 deep elf knights
  3 skeletal warriors
  2 hell knights
  Sonja (D:12)
  13 iron trolls
  6 pharaoh ants
  5 glowing orange brains
  5 goliath frogs
  9 swamp dragons
  4 spriggan druids
  3 flayed ghosts
  5 orb spiders
  8 bog bodies
  45 deep trolls
  A necromancer (Depths:2)
  8 deep elf archers (Elf:1)
  A tengu zombie (Depths:2)
  A steelbarb worm (Spider:2)
  2 orc knights
  14 ironbound convokers
  15 deep elf zephyrmancers
  3 wizards
  12 lindwurms
  A wolf spider (shapeshifter) (Elf:1)
  An orc sorcerer (Orc:2)
  15 ugly things
  5 cyclopes
  21 wolf spiders
  25 deep elf pyromancers
  A cyclops (shapeshifter) (D:15)
  4 manticores
  A faun (shapeshifter) (Vaults:3)
  A fire giant zombie (Depths:2)
  An oklob plant (Lair:4)
  3 will-o-the-wisps
  3 moths of wrath
  12 vault sentinels
  2 ice statues (IceCv)
  5 black mambas
  5 elephants
  3 gargoyles
  12 cane toads
  A cane toad (shapeshifter) (Lair:5)
  3 torpor snails
  A rime drake (Lair:4)
  An unseen horror (shapeshifter) (D:15)
  A smoke demon (Lair:5)
  2 kobold demonologists
  A golden dragon simulacrum (Depths:2)
  33 yaktaurs
  A rime drake (shapeshifter) (D:15)
  10 komodo dragons
  5 tengu conjurers
  9 ice devils
  3 efreet
  5 trolls
  11 tyrant leeches
  A meliai (Spider:4)
  A freezing wraith (D:15)
  2 large abominations (Lair:5)
  A sphinx simulacrum (Depths:2)
  2 polar bears
  19 hornets
  Prince Ribbit (D:8)
  17 tarantellas
  24 blink frogs
  36 slime creatures
  An air elemental (Elf:1)
  3 shadows
  16 jumping spiders
  61 yaks
  23 culicivoras
  19 spriggans
  8 water elementals
  3 vampires
  7 wyverns
  A ynoxinul (Lair:5)
  6 wraiths
  A steam dragon (Lair:1)
  2 chaos spawn (Lair:5)
  2 fire elementals
  14 vampire mosquitoes
  2 basilisks
  58 redbacks
  3 hogs (Swamp:3)
  Edmund (D:6)
  A basilisk (shapeshifter) (Lair:5)
  14 swamp worms
  A warg (Orc:1)
  A water moccasin (shapeshifter) (Lair:5)
  2 acid dragons
  4 small abominations (Lair:5)
  2 hydra simulacra (IceCv)
  16 water moccasins
  6 orc warriors
  7 swamp drakes (Swamp:4)
  2 sky beasts (D:13)
  3 ice beasts
  A hornet zombie (D:6)
  2 black bears
  11 boggarts
  22 wolves
  10 ogres
  9 centaurs
  2 kobold brigands (D:8)
  A phantom (D:3)
  4 bullfrogs
  Blork the orc (D:4)
  3 gnoll sergeants
  5 necrophages
  3 earth elementals
  4 two-headed ogre simulacra (IceCv)
  A cane toad simulacrum (IceCv)
  A water moccasin zombie (D:6)
  3 scorpions
  10 wights (D:8)
  An elephant simulacrum (IceCv)
  12 killer bees
  8 electric eels
  3 howler monkeys
  2 centaur zombies (D:6)
  A bullfrog zombie (D:6)
  2 human zombies (Ossuary)
  A bullfrog skeleton (D:6)
  7 hounds
  A centaur skeleton (D:6)
  5 jellies
  7 orc priests
  Crazy Yiuf (D:4)
  5 iguanas
  12 orc wizards
  2 sleepcaps (D:5)
  2 spriggan simulacra (IceCv)
  2 troll simulacra (IceCv)
  A polar bear simulacrum (IceCv)
  A wolf simulacrum (IceCv)
  6 mummies
  A howler monkey zombie (D:6)
  Robin (D:3)
  6 adders
  8 gnolls
  A naga simulacrum (IceCv)
  2 shadow imps (D:6)
  8 white imps
  2 ufetubi
  2 worms (D:2)
  2 dart slugs
  29 orcs
  12 ball pythons
  4 endoplasms
  2 giant cockroaches
  A gnoll zombie (Ossuary)
  17 goblins
  10 hobgoblins
  4 quokkas
  6 bats
  2 frilled lizards
  2 goblin zombies (Ossuary)
  2 hobgoblin zombies (Ossuary)
  19 kobolds
  A kobold zombie (Ossuary)
1543 creatures vanquished.

Vanquished Creatures (collateral kills)
  A bone dragon (Vaults:3)
  A walking divine tome (Depths:3)
  A shadow dragon (Vaults:4)
  A tengu reaver (Depths:1)
  A vault warden (Vaults:4)
  3 ironbound preservers (Vaults:4)
  A dire elephant (Vaults:4)
  A merfolk javelineer (Depths:2)
  A deep elf high priest (Elf:3)
  A yaktaur captain (Vaults:4)
  An ettin (Orc:1)
  An entropy weaver (Spider:3)
  An ogre mage (D:15)
  2 hydras (Lair:5)
  A jorogumo (Spider:4)
  A two-headed ogre (D:15)
  2 boulder beetles
  An alligator (Swamp:3)
  4 radroaches (Spider:4)
  A deep troll earth mage (Depths:3)
  2 dancing weapons (Elf:1)
  2 thrashing horrors (Lair:5)
  A deep troll shaman (Depths:3)
  2 demonic crawlers
  A skyshark (Lair:4)
  8 deep trolls
  A goliath frog (Swamp:2)
  4 orb spiders
  A swamp dragon (Swamp:3)
  A glowing orange brain (Vaults:4)
  A wizard (D:15)
  4 bog bodies (Swamp:3)
  A deep elf zephyrmancer (D:15)
  An orc knight (Orc:2)
  3 ironbound convokers
  4 deep elf pyromancers
  3 manticores
  2 ugly things
  2 orc sorcerers (Orc:2)
  4 cyclopes
  4 elephants
  3 wolf spiders
  3 vault sentinels (Vaults:4)
  A black mamba (Lair:4)
  A gargoyle (D:12)
  5 cane toads
  4 yaktaurs
  3 komodo dragons
  A freezing wraith (D:14)
  An ancient zyme (Lair:5)
  2 trolls
  4 tarantellas
  2 hornets
  A polar bear (Lair:5)
  2 blink frogs (Lair:5)
  7 culicivoras (Spider:4)
  2 air elementals
  4 jumping spiders
  A vampire (D:12)
  7 yaks
  A spriggan (Lair:5)
  A culicivora (shapeshifter) (D:15)
  2 wraiths
  2 water elementals
  4 basilisks
  2 hogs (Swamp:3)
  8 redbacks
  3 vampire mosquitoes
  A warg (Orc:1)
  2 acid dragons
  4 water moccasins
  8 orc warriors
  A sky beast (D:13)
  7 centaurs
  3 ogres
  13 wolves
  3 bullfrogs
  3 necrophages
  2 small abominations (Lair:5)
  An electric eel (D:13)
  3 jellies (Lair:5)
  4 orc wizards
  2 gnolls
  13 orcs
  2 goblins (Bailey)
  4 kobolds (Bailey)
  A butterfly (Lair:2)
233 creatures vanquished.

Vanquished Creatures (others)
  A fire giant (Depths:3)
  An ironbound preserver (Vaults:2)
  15 orc knights
  2 deep elf knights
  An orc sorcerer (Swamp:3)
  An ironbound convoker (Vaults:2)
  2 bloated husks
  A swamp worm (Swamp:2)
  28 orc warriors
  A black bear (D:11)
  A boggart (D:14)
  18 orc wizards
  A centaur (Orc:2)
  A kobold brigand (D:11)
  33 orc priests
  58 orcs
  18 foxfires
183 creatures vanquished.

Grand Total: 1959 creatures vanquished

Notes
Turn   | Place    | Note
-------+----------+-------------------------------------------
     0 | D:1      | mopl the Hill Orc Fighter began the quest for the Orb.
     0 | D:1      | Reached XP level 1. HP: 19/19 MP: 1/1
   101 | D:1      | Reached skill level 3 in Axes
   166 | D:1      | Reached XP level 2. HP: 27/27 MP: 2/2
   630 | D:1      | Reached XP level 3. HP: 33/33 MP: 3/3
   668 | D:2      | Reached skill level 4 in Fighting
  1211 | D:2      | Reached skill level 1 in Dodging
  1434 | D:3      | Found a faded altar of an unknown god.
  1633 | D:3      | Reached skill level 4 in Axes
  1714 | D:3      | Reached XP level 4. HP: 40/40 MP: 4/4
  2131 | D:4      | Noticed Robin
  2132 | D:4      | Noticed a phantom
  2145 | D:3      | Killed a phantom
  2146 | D:3      | Reached skill level 5 in Axes
  2146 | D:3      | Reached skill level 4 in Armour
  2146 | D:3      | Reached XP level 5. HP: 44/47 MP: 5/5
  2153 | D:4      | Noticed Blork the orc
  2185 | D:3      | Killed Robin
  2186 | D:3      | Reached XP level 6. HP: 38/53 MP: 6/6
  2252 | D:4      | Killed Blork the orc
  2253 | D:4      | Reached skill level 2 in Dodging
  2278 | D:4      | Reached skill level 5 in Fighting
  2278 | D:4      | Reached skill level 6 in Axes
  2490 | D:4      | Found a runed translucent door.
  2491 | D:4      | Noticed Crazy Yiuf
  2541 | D:4      | Found a transporter.
  2562 | D:4      | Reached XP level 7. HP: 60/61 MP: 7/7
  2564 | D:4      | Noticed Sermion's ghost (novice DsBe)
  2572 | D:4      | Found a glowing golden altar of the Shining One.
  2706 | D:4      | Found a transporter.
  2806 | D:4      | Killed Crazy Yiuf
  2851 | D:5      | Entered Level 5 of the Dungeon
  2852 | D:5      | Became a worshipper of Beogh the Brigand
  2979 | D:5      | Noticed a gargoyle
  2982 | D:5      | Reached skill level 5 in Armour
  3189 | D:5      | Killed a gargoyle
  3190 | D:5      | Reached skill level 6 in Fighting
  3190 | D:5      | Reached skill level 7 in Axes
  3190 | D:5      | Reached skill level 3 in Dodging
  3190 | D:5      | Reached XP level 8. HP: 64/70 MP: 8/8
  3211 | D:5      | Noticed a shadow
  3212 | D:5      | Noticed a two-headed ogre
  3226 | D:5      | Killed a two-headed ogre
  3227 | D:5      | Reached skill level 9 in Axes
  3227 | D:5      | Reached skill level 6 in Armour
  3243 | D:5      | Killed a shadow
  3244 | D:5      | Reached skill level 7 in Fighting
  3244 | D:5      | Reached skill level 4 in Dodging
  3244 | D:5      | Reached XP level 9. HP: 28/79 MP: 9/9
  3561 | D:5      | Reached * piety under Beogh
  3589 | D:5      | Reached skill level 10 in Axes
  3976 | D:5      | Found a shimmering altar of Xom.
  4000 | D:5      | Found a shadowy altar of Dithmenos.
  4181 | D:6      | Found a snail-covered altar of Cheibriados.
  4261 | D:6      | Found a staircase to the Ecumenical Temple.
  4278 | D:6      | Reached skill level 7 in Armour
  4361 | D:6      | Reached ** piety under Beogh
  4362 | D:6      | Reached skill level 11 in Axes
  4362 | D:6      | Noticed Edmund
  4380 | D:6      | Killed Edmund
  4381 | D:6      | Reached skill level 8 in Fighting
  4846 | D:6      | Reached XP level 10. HP: 88/88 MP: 10/10
  5067 | D:7      | Reached skill level 5 in Dodging
  5270 | D:7      | Found Aserph's Antique Weapon Boutique.
  5278 | D:7      | Bought a glowing broad axe for 168 gold pieces
  5552 | D:8      | Reached skill level 12 in Axes
  5555 | D:8      | Noticed a cyclops
  5603 | D:8      | Reached skill level 8 in Armour
  5653 | D:8      | Reached skill level 9 in Fighting
  5655 | D:8      | Reached *** piety under Beogh
  5705 | D:8      | Noticed a cyclops
  5708 | D:8      | Noticed Prince Ribbit
  5745 | D:8      | Noticed a centaur warrior
  5798 | D:8      | Noticed Erica
  5808 | D:8      | Killed Erica
  5809 | D:8      | Reached skill level 13 in Axes
  5832 | D:8      | Found a stormy altar of Qazlal.
  5889 | D:8      | Reached skill level 6 in Dodging
  5957 | D:8      | Noticed a kobold demonologist
  5959 | D:8      | Noticed an orange demon
  6017 | D:8      | Found a sand-covered staircase.
  6027 | D:8      | Killed Prince Ribbit
  6028 | D:8      | Reached XP level 11. HP: 44/97 MP: 11/11
  6029 | Ossuary  | Entered an ossuary
  6217 | Ossuary  | Reached skill level 1 in Invocations
  6382 | D:8      | Killed a cyclops
  6391 | D:8      | Reached skill level 2 in Invocations
  6414 | D:8      | Killed a centaur warrior
  6415 | D:8      | Reached skill level 14 in Axes
  6415 | D:8      | Reached skill level 9 in Armour
  6429 | D:8      | Noticed a centaur warrior
  6439 | D:8      | Killed a centaur warrior
  6749 | D:8      | Killed a cyclops
  6750 | D:8      | Reached skill level 10 in Fighting
  6750 | D:8      | Reached skill level 3 in Invocations
  6827 | D:8      | Reached **** piety under Beogh
  7084 | D:8      | Noticed a two-headed ogre
  7094 | D:8      | Killed a two-headed ogre
  7289 | D:9      | Reached skill level 4 in Invocations
  7415 | D:9      | Found a flagged portal.
  7432 | Bailey   | Entered a bailey
  7437 | Bailey   | Noticed an orc warlord
  7510 | Bailey   | Noticed an orc knight
  7511 | Bailey   | Found a runed translucent gate.
  7511 | Bailey   | Found a runed translucent gate.
  7511 | Bailey   | Found a runed translucent gate.
  7518 | Bailey   | Killed an orc knight
  7541 | Bailey   | Killed an orc warlord
  7542 | Bailey   | Reached skill level 15 in Axes
  7559 | Bailey   | Identified the staff of earth "Piusoazxi" {rN+++ Str+4
                  | Int-3}
  7709 | Bailey   | Acquired the +1 cloak "Cutedozu" {rPois rF+}
  8012 | D:9      | Gained Brunolf as an ally
  8027 | D:9      | Your ally Brunolf died
  8739 | D:10     | Entered Level 10 of the Dungeon
  8870 | D:10     | Reached XP level 12. HP: 108/108 MP: 15/15
  8879 | D:10     | Reached skill level 5 in Invocations
  9053 | D:10     | Found a radiant altar of Vehumet.
  9053 | D:10     | Found a hide-covered altar of Uskayaw.
  9053 | D:10     | Found a glowing silver altar of Zin.
  9286 | D:10     | Reached skill level 7 in Dodging
  9337 | D:11     | Noticed a boulder beetle
  9350 | D:11     | Reached ***** piety under Beogh
  9359 | D:11     | Reached skill level 10 in Armour
  9359 | D:11     | Killed a boulder beetle
  9373 | D:11     | Reached skill level 11 in Fighting
  9415 | D:11     | Reached skill level 6 in Invocations
  9417 | D:11     | Reached skill level 16 in Axes
  9624 | D:11     | Found a staircase to the Lair.
  9758 | D:12     | Found a frozen archway.
  9764 | D:12     | Noticed Snorg
  9768 | D:12     | Noticed a boulder beetle
  9770 | IceCv    | Entered an ice cave
 10072 | IceCv    | Reached skill level 1 in Throwing
 10074 | IceCv    | Reached skill level 7 in Invocations
 10122 | IceCv    | Noticed a reaper
 10129 | IceCv    | Killed a reaper
 10130 | IceCv    | Reached XP level 13. HP: 66/117 MP: 3/18
 10145 | IceCv    | Found the +2 Maxwell's thermic engine {flame, freeze, rev}
 10316 | D:12     | Reached skill level 17 in Axes
 10316 | D:12     | Reached skill level 2 in Throwing
 10350 | D:12     | Killed Snorg
 10591 | D:12     | Noticed Sonja
 10592 | D:12     | Found a staircase to the Orcish Mines.
 10604 | D:12     | Reached skill level 12 in Fighting
 10604 | D:12     | Reached skill level 11 in Armour
 10607 | D:12     | Killed Sonja
 10628 | D:12     | Reached skill level 8 in Dodging
 11008 | D:12     | Reached skill level 8 in Invocations
 11124 | D:12     | Reached skill level 3 in Throwing
 11659 | Lair:1   | Entered Level 1 of the Lair of Beasts
 11794 | Lair:1   | Reached skill level 18 in Axes
 11819 | Lair:1   | Reached skill level 4 in Throwing
 12069 | Lair:1   | Reached XP level 14. HP: 120/127 MP: 20/20
 12209 | Lair:1   | Reached skill level 9 in Invocations
 12338 | Lair:1   | Gained Geork as an ally
 12738 | Lair:2   | Reached ****** piety under Beogh
 12826 | Lair:2   | Identified the +0 plate armour "Toakuicw" {Fly rElec Will-
                  | Slay+5}
 12855 | Lair:2   | Found a broken altar of Ashenzari.
 12985 | Lair:2   | Found a hole to the Spider Nest.
 13095 | Lair:2   | Found a runed translucent door.
 13326 | Lair:2   | Found a shimmering altar of Xom.
 13326 | Lair:2   | Noticed Picaen's ghost (journeyman DsNe)
 13385 | Lair:3   | Reached skill level 13 in Fighting
 13393 | Lair:3   | Reached skill level 1 in Evocations
 13443 | Lair:3   | Reached skill level 5 in Throwing
 13455 | Lair:3   | Reached skill level 12 in Armour
 13738 | Lair:3   | Identified the +0 robe "Igiusch" {+Blink}
 13852 | Lair:3   | Reached skill level 2 in Evocations
 13862 | Lair:3   | Found a staircase to the Swamp.
 14338 | Lair:4   | Reached skill level 9 in Dodging
 14341 | Lair:4   | Reached skill level 10 in Invocations
 15218 | Lair:5   | Entered Level 5 of the Lair of Beasts
 15274 | Lair:5   | Reached skill level 19 in Axes
 15353 | Lair:5   | Reached skill level 3 in Evocations
 15394 | Lair:5   | Reached XP level 15. HP: 113/136 MP: 22/22
 15470 | Lair:5   | Found a corrupted altar of Lugonu.
 15470 | Lair:5   | Found a one-way gate to the infinite horrors of the Abyss.
 15701 | Lair:5   | Reached skill level 6 in Throwing
 15819 | Lair:5   | Found a stormy altar of Qazlal.
 15948 | Lair:5   | Found a viscous altar of Jiyva.
 16003 | Lair:5   | Found a staircase to the Slime Pits.
 16466 | D:12     | Reached skill level 4 in Evocations
 16495 | Orc:1    | Entered Level 1 of the Orcish Mines
 16624 | Orc:2    | Entered Level 2 of the Orcish Mines
 16637 | Orc:2    | Found a staircase to the Elven Halls.
 16836 | Orc:2    | Found Zizxuuni's Magic Scroll Shop.
 16836 | Orc:2    | Found Fyisyni's Weapon Emporium.
 16840 | Orc:2    | Reached skill level 11 in Invocations
 16841 | Orc:2    | Found Duogaip's Book Shoppe.
 16847 | Orc:2    | Found Taeseom's Magic Scroll Boutique.
 16851 | Orc:2    | Bought a scroll of acquirement for 832 gold pieces
 16851 | Orc:2    | Bought a scroll of silence for 152 gold pieces
 16851 | Orc:2    | Bought a scroll of teleportation for 48 gold pieces
 16851 | Orc:2    | Bought a scroll of fear for 64 gold pieces
 16852 | Orc:2    | Bought 5 curare-tipped darts for 102 gold pieces
 16859 | Orc:2    | Bought a scroll of blinking for 105 gold pieces
 17293 | Orc:1    | Gained Spirok as an ally
 17526 | Lair:1   | Acquired a manual of Dodging
 17570 | D:13     | Reached skill level 14 in Fighting
 17661 | D:13     | Gained Wulfoc as an ally
 18211 | D:13     | Found a gate to the Vaults.
 18446 | D:14     | Reached skill level 13 in Armour
 18535 | D:14     | Found an opulent altar of Gozag.
 18796 | D:14     | Reached skill level 10 in Dodging
 19151 | D:15     | Entered Level 15 of the Dungeon
 19200 | D:15     | Reached skill level 5 in Evocations
 19250 | D:15     | HP: 6/139 [tengu warrior/+0 dire flail (9)]
 19513 | D:15     | Reached XP level 16. HP: 136/147 MP: 24/24
 19525 | D:15     | Found Tecluep's Magic Scroll Boutique.
 19540 | D:15     | Reached skill level 7 in Throwing
 19796 | D:15     | Reached skill level 12 in Invocations
 20063 | D:15     | Found a staircase to the Depths.
 20125 | D:15     | Reached skill level 20 in Axes
 20752 | Swamp:1  | Entered Level 1 of the Swamp
 21090 | Swamp:1  | Reached skill level 6 in Evocations
 22370 | Swamp:2  | Reached skill level 15 in Fighting
 22370 | Swamp:2  | Reached skill level 11 in Dodging
 23331 | Swamp:3  | Gained Thorok as an ally
 23878 | Swamp:3  | Reached skill level 8 in Throwing
 23947 | Swamp:3  | Gained Wulfoc as an ally
 23947 | Swamp:3  | Noticed Kirke
 23955 | Swamp:3  | Reached XP level 17. HP: 142/156 MP: 26/26
 23956 | Swamp:3  | Killed Kirke
 23962 | Swamp:3  | Reached skill level 13 in Invocations
 23965 | Swamp:3  | Your ally Thorok died
 23971 | Swamp:3  | Reached skill level 14 in Armour
 24262 | Swamp:4  | Entered Level 4 of the Swamp
 24270 | Swamp:4  | Reached skill level 7 in Evocations
 24438 | Swamp:4  | Your ally Wulfoc died
 25497 | Swamp:4  | Reached skill level 12 in Dodging
 25538 | Swamp:4  | HP: 7/157 [poison]
 26115 | Swamp:4  | Got a decaying rune of Zot
 26511 | Spider:1 | Entered Level 1 of the Spider Nest
 26657 | Spider:1 | Noticed Josephine
 26663 | Spider:1 | Killed Josephine
 27110 | Spider:1 | You fall into a shaft and drop 1 floor!
 27396 | Spider:1 | Reached skill level 16 in Fighting
 27444 | Spider:1 | Reached skill level 21 in Axes
 27450 | Spider:1 | Reached skill level 8 in Evocations
 27887 | Spider:2 | Reached skill level 9 in Throwing
 28185 | Spider:2 | Reached skill level 14 in Invocations
 28313 | Spider:2 | Gained Alork as an ally
 28359 | Spider:2 | Your ally Alork died
 28361 | Spider:2 | Reached XP level 18. HP: 166/166 MP: 28/28
 29000 | Spider:2 | Noticed Mlioglotl
 29006 | Spider:2 | Noticed a bone dragon
 29017 | Spider:2 | Killed Mlioglotl
 29692 | Spider:2 | Gained Bogward as an ally
 29692 | Spider:2 | Gained Judas as an ally
 30090 | Spider:3 | Your ally Judas died
 30097 | Spider:3 | Your ally Bogward died
 30099 | Spider:3 | Gained Arbeogh as an ally
 30189 | Spider:3 | Noticed Mara
 30207 | Spider:3 | Killed Mara
 30208 | Spider:3 | Reached skill level 15 in Armour
 30439 | Spider:3 | Reached skill level 13 in Dodging
 30944 | Spider:4 | Entered Level 4 of the Spider Nest
 31284 | Spider:4 | Reached skill level 9 in Evocations
 32074 | Spider:4 | Reached skill level 15 in Invocations
 32518 | Spider:4 | Reached XP level 19. HP: 150/174 MP: 3/30
 32554 | Spider:4 | Reached skill level 10 in Throwing
 32571 | Spider:4 | Reached skill level 17 in Fighting
 32728 | Spider:4 | Got a gossamer rune of Zot
 33084 | Elf:1    | Entered Level 1 of the Elven Halls
 33244 | Elf:1    | Paralysed by an air elemental for 1 turns
 33297 | Elf:1    | Noticed an Ice Fiend
 34135 | Elf:1    | Paralysed by an air elemental for 1 turns
 34188 | Elf:1    | Found Qoroluo's Distillery.
 34438 | Elf:1    | Reached skill level 22 in Axes
 34459 | Elf:1    | Found a runed translucent gate.
 34459 | Elf:1    | Found a runed translucent gate.
 34459 | Elf:1    | Found a runed translucent gate.
 34459 | Elf:1    | Found a runed translucent gate.
 34459 | Elf:1    | Found a runed translucent gate.
 34460 | Elf:1    | Found a runed translucent gate.
 35016 | Elf:1    | Bought a potion of curing for 33 gold pieces
 35016 | Elf:1    | Bought a potion of heal wounds for 55 gold pieces
 35016 | Elf:1    | Bought a potion of might for 44 gold pieces
 35016 | Elf:1    | Bought a potion of berserk rage for 55 gold pieces
 35016 | Elf:1    | Bought a potion of enlightenment for 55 gold pieces
 35572 | Elf:2    | Reached skill level 14 in Dodging
 35779 | Elf:2    | Found Xirorch's Antique Armour Emporium.
 35787 | Elf:2    | Identified the +1 robe "Xuafium" {Int+3 Stlth+}
 35795 | Elf:2    | Bought a runed helmet for 247 gold pieces
 35940 | Elf:3    | Entered Level 3 of the Elven Halls
 36069 | Elf:3    | Noticed a Brimstone Fiend
 36250 | Elf:3    | Identified the +3 kite shield "Umadwig" {Will+ Str-4 Dex+2}
 36250 | Elf:3    | Noticed Asterion
 36256 | Elf:3    | Killed Asterion
 36257 | Elf:3    | Reached skill level 10 in Evocations
 36392 | Elf:3    | Found Lelun's Jewellery Emporium.
 36598 | Elf:3    | Noticed an Ice Fiend
 36750 | Elf:2    | Found a radiant altar of Vehumet.
 36759 | Elf:2    | Noticed an Ice Fiend
 36760 | Elf:2    | Noticed a Tzitzimitl
 36762 | Elf:2    | Noticed a Tzitzimitl
 37034 | Elf:3    | Gained Bogbrand as an ally
 37040 | Elf:2    | Your ally Bogbrand died
 37300 | Elf:2    | Noticed a Tzitzimitl
 37585 | Elf:2    | Noticed a Hell Sentinel
 38695 | Elf:2    | Found a runed translucent gate.
 38696 | Elf:2    | Found a runed translucent gate.
 38696 | Elf:2    | Found a runed translucent gate.
 39034 | Elf:2    | Reached skill level 16 in Armour
 39034 | Elf:2    | Reached skill level 16 in Invocations
 39566 | Elf:2    | Reached XP level 20. HP: 150/182 MP: 32/32
 40426 | Elf:3    | Identified the +7 great sword of Bloody Death {speed,
                  | Str+4}
 40443 | Elf:3    | Identified the ring of Taafiapt {rPois rC+ Will- Int+5
                  | Slay+4}
 40990 | Elf:3    | Identified the staff of death "Jiskumod" {rC+ rN+ Dex+2}
 41781 | Elf:3    | Reached skill level 11 in Throwing
 42194 | Elf:3    | Reached skill level 18 in Fighting
 42502 | Elf:3    | Identified the +5 dagger "Onohan" {vamp, rPois Str-4 Dex+2
                  | SInv}
 43379 | Elf:3    | Noticed Louise
 44105 | Elf:3    | Killed Louise
 44237 | Elf:3    | Got the Encyclopedia of the Barrage
 44239 | Elf:3    | Got the Enchiridion on the Curse
 44262 | Elf:3    | Identified the +6 orcbow of Filigreed Watchfulness {drain,
                  | rPois}
 44276 | Elf:3    | Identified the staff of poison "Humeikh" {rElec rPois rF+}
 44285 | Elf:3    | Identified the +0 cloak of the First Snow {rN++ Int+5 SInv}
 44299 | Elf:3    | Identified the +7 whip "Lecaim" {freeze, rElec Int-4 SInv}
 44303 | Elf:3    | Identified the +2 pair of boots of Dice, Bag, and Bottle
                  | {rN+}
 44729 | Depths:1 | Entered Level 1 of the Depths
 45136 | Depths:1 | Found a one-way gateway to a ziggurat.
 45246 | Vaults:1 | Entered Level 1 of the Vaults
 45298 | Vaults:1 | Gained Boldo as an ally
 45311 | Vaults:1 | Reached skill level 11 in Evocations
 45321 | Vaults:1 | Your ally Boldo died
 45782 | Vaults:1 | Gained Margrim as an ally
 46146 | Vaults:1 | Noticed Zenata
 46156 | Vaults:1 | Killed Zenata
 46855 | Vaults:1 | Found Ecweblen's Armour Shoppe.
 47101 | Vaults:1 | Bought the +3 crown of Dyrovepreva {rElec Int+2 SInv} for
                  | 869 gold pieces
 47101 | Vaults:1 | Found the +3 crown of Dyrovepreva {rElec Int+2 SInv}
 47407 | Vaults:1 | Reached skill level 23 in Axes
 47408 | Vaults:1 | Reached skill level 17 in Invocations
 47410 | Vaults:1 | Reached XP level 21. HP: 152/195 MP: 33/33
 47478 | Vaults:1 | Got the Volume of Lethal Accompaniment
 48233 | Vaults:2 | Found Yras's General Store.
 48317 | Vaults:2 | Noticed Bai Suzhen
 48334 | Vaults:2 | Killed Bai Suzhen
 48357 | Vaults:2 | Found Zinomie's Book Shoppe.
 48720 | Vaults:2 | Reached skill level 17 in Armour
 48727 | Vaults:2 | Gained Rocco as an ally
 48727 | Vaults:2 | Gained Bogric as an ally
 48727 | Vaults:2 | Your ally Bogric died
 48728 | Vaults:2 | Your ally Rocco died
 49369 | Vaults:2 | Paralysed by a great orb of eyes for 3 turns
 49889 | Vaults:3 | Reached skill level 12 in Throwing
 50058 | Vaults:3 | Reached skill level 15 in Dodging
 50064 | Vaults:3 | Reached skill level 19 in Fighting
 50172 | Vaults:3 | Noticed Xtahua
 50477 | Vaults:3 | Paralysed by Xtahua for 3 turns
 50481 | Vaults:3 | Killed Xtahua
 50482 | Vaults:3 | Reached skill level 12 in Evocations
 51155 | Vaults:3 | Gained Beowulf as an ally
 51238 | Vaults:3 | Your ally Beowulf died
 51273 | Vaults:3 | Noticed a bone dragon
 51275 | Vaults:3 | Found a staircase to the Crypt.
 51283 | Vaults:3 | Killed a bone dragon
 51468 | Vaults:4 | Reached skill level 24 in Axes
 51468 | Vaults:4 | Reached XP level 22. HP: 205/205 MP: 34/34
 51641 | Vaults:4 | Gained Dorog as an ally
 51671 | Vaults:4 | Your ally Dorog died
 51705 | Vaults:4 | Identified the +1 robe "Xyuppyi" {rElec Regen+ Dex-2}
 51749 | Vaults:4 | Identified the +1 helmet of the Depths {rF+ Str-2 SInv}
 51809 | Vaults:4 | Gained Orkwin as an ally
 51837 | Vaults:4 | Reached skill level 18 in Invocations
 52309 | Vaults:4 | Found Wilyrph's Jewellery Emporium.
 52994 | Depths:1 | Noticed Sojobo
 53024 | Depths:1 | Killed Sojobo
 53217 | Depths:1 | Found a corrupted altar of Lugonu.
 53588 | Depths:1 | Found a gateway to Hell.
 53631 | Depths:1 | HP: 10/207 [hellephant/blast of flame (31)]
 54023 | Depths:1 | Found a transporter.
 54074 | Depths:1 | Identified the +3 rapier of Gallantry {holy, rPois Int-5
                  | Dex+3 Stlth+}
 54084 | Depths:1 | Found a transporter.
 54393 | Depths:2 | Reached skill level 19 in Invocations
 54420 | Depths:2 | Reached skill level 18 in Armour
 54447 | Depths:2 | Gained Morbeogh as an ally
 54448 | Depths:2 | Reached skill level 13 in Throwing
 54722 | Depths:2 | Noticed the Enchantress
 54725 | Depths:2 | Your ally Morbeogh died
 54761 | Depths:2 | Reached skill level 13 in Evocations
 54766 | Depths:2 | Reached XP level 23. HP: 215/215 MP: 36/36
 54780 | Depths:2 | Killed the Enchantress
 54789 | Depths:2 | Gained Berold as an ally
 54790 | Depths:2 | Reached skill level 20 in Fighting
 54810 | Depths:2 | Your ally Berold died
 55142 | Depths:2 | Found a sacrificial altar of Ru.
 55165 | Depths:2 | Gained Bogrim as an ally
 55370 | Depths:2 | Found a one-way gate leading to the halls of Pandemonium.
 55536 | Depths:2 | Learned a level 2 spell: Blink
 55691 | Depths:3 | Your ally Bogrim died
 55758 | Depths:3 | Gained Arbeogh as an ally
 55939 | Depths:3 | Noticed a golden dragon
 55940 | Depths:3 | Noticed a caustic shrike
 55941 | Depths:3 | Your ally Arbeogh died
 56179 | Depths:3 | Reached skill level 20 in Invocations
 56233 | Depths:3 | Identified the +1 robe "Vaidiked" {Harm rElec Str-4 Stlth-}
 56241 | Depths:3 | Identified the +8 hand axe of Dishonesty {venom, rF++ Int+4
                  | Dex-2}
 56263 | Depths:3 | Killed a golden dragon
 56667 | Depths:3 | Noticed a golden dragon
 56670 | Depths:3 | Gained Bogfrid as an ally
 56670 | Depths:3 | Gained Blodwig as an ally
 56676 | Depths:3 | Gained Ogrik as an ally
 56679 | Depths:3 | Your ally Ogrik died
 56680 | Depths:3 | Killed a golden dragon
 56681 | Depths:3 | Your ally Bogfrid died
 56686 | Depths:3 | Gained Brandogh as an ally
 56711 | Depths:3 | Noticed a juggernaut
 56724 | Depths:3 | Killed a juggernaut
 56731 | Depths:3 | Killed a caustic shrike
 56971 | Depths:3 | Noticed a golden dragon
 56985 | Depths:3 | Killed a golden dragon
 56988 | Depths:3 | Identified the +2 sling of Pik Mergh {flame, rN+ Str+8}
 56992 | Depths:3 | Learned a level 2 spell: Wereblood
 57080 | Depths:3 | Your ally Brandogh died
 57236 | Depths:3 | Your ally Blodwig died
 57573 | Depths:4 | Entered Level 4 of the Depths
 57601 | Depths:4 | Reached skill level 16 in Dodging
 57633 | Depths:4 | Found Kenuapt's Vocational Training.
 57637 | Depths:4 | Noticed a caustic shrike
 57637 | Depths:4 | Noticed a caustic shrike
 57637 | Depths:4 | Noticed a caustic shrike
 57637 | Depths:4 | Noticed a caustic shrike
 57651 | Depths:4 | Killed a caustic shrike
 57652 | Depths:4 | Reached skill level 1 in Translocations
 57667 | Depths:4 | Killed a caustic shrike
 57668 | Depths:4 | Reached skill level 1 in Transmutations
 57681 | Depths:4 | Killed from afar by a tengu reaver

Illustrated notes

Levels and vault maps discovered:
D:1:      psy_arrival_statuary, layout_loops_ring, corexii_leaking_fountain,
          chequers_serial_rivers_large_b, kennysheep_another_room, minivault_14
D:2:      layout_basic, serial_curves, eino_curves_03, eino_curves_03
D:3:      layout_basic, dreamdust_ecumenical_altar_statues,
          kennysheep_generic_room_16
D:4:      layout_rooms, kennysheep_mini_moat, gammafunk_ghost_arena,
          uniq_blork_the_orc, uniq_robin, uniq_crazy_yiuf_cottage
D:5:      cheibrodos_fzero, layout_basic, mainiacjoe_overflow_catwalk,
          mainiacjoe_overflow_alcove_2
D:6:      layout_basic, slow_altar_1, minmay_temple_entry_crystal_x,
          serial_undead, serial_undead_d, serial_undead_f, serial_undead_e,
          serial_undead_f, serial_undead_a, serial_undead_c,
          corexii_corridor_pit, minmay_diced_spiral, uniq_edmund
D:7:      layout_cave_pools, serial_shops, shop, minmay_misc_feat_four_crosses
D:8:      minmay_cut_squares, layout_loops_corners,
          nicolae_qazlal_scattered_showers, enter_ossuary_2,
          nrook_mini_backslash, uniq_prince_ribbit1, uniq_erica
D:9:      layout_layer_cave, enter_bailey_3
D:10:     layout_basic, gammafunk_temple_overflow_claw, kennysheep_doodads
D:11:     layout_basic, grunt_lair_entry_orc_guard_hut
D:12:     minmay_the_grid_four_pointed_star_mashed
          [minmay_the_grid_triangle_9x9_wacky_v,
          minmay_the_grid_triangle_9x9_thin_v,
          minmay_the_grid_triangle_9x9_checkered,
          minmay_the_grid_triangle_9x9_from_above,
          minmay_the_grid_prize_inner_circle], layout_cave_pools,
          hiddenorc2_lemuel, gauntlet_entry_generic,
          portal_ice_cave_entry_pillars_1, kennysheep_diamond, uniq_sonja,
          uniq_snorg
D:13:     layout_basic, erik_vaults_1, dreamdust_looks_like_rain
D:14:     layout_basic, nicolae_gozag_seed_capital
D:15:     gammafunk_enter_depths_forms, layout_irregular_city, serial_shops,
          nicolae_shop_temple_entry_statues_fountains, skrybe_limestone_x,
          hangedman_corner_corridor
Lair:1:   layout_concentric_octagons, infiniplex_staircase_pool,
          serial_bayou_shore_a, grunt_megastairs_2, lemuel_fruit_fields
Lair:2:   layout_regular_city, spider_nest_entry_web_field, ebering_ghost_xom,
          basic_altar, lemuel_fruit_fields, serial_bayou_shore_b
Lair:3:   layout_cave_pods, nicolae_swamp_entry_splash_gauntlet,
          roderic_carrion_pond, grunt_megastairs_4
Lair:4:   layout_cave_pods
Lair:5:   hellmonk_lair_end_abyssal_woods, layout_cellular_growth,
          nicolae_slime_entry_field_trip, basic_altar
Swamp:1:  layout_basic_swamp, evilmike_swamp_ruin_house_3
Swamp:2:  layout_basic_swamp, nicolae_swamp_ascending_descending
Swamp:3:  layout_basic_swamp, evilmike_swamp_ruin_house_1, swamp_pool1,
          hangedman_swamp_ravenous, uniq_kirke
Swamp:4:  swamp_alternative, layout_basic_swamp, swamp_pool4
Spider:1: layout_spider_delve, nicolae_spider_rock_and_or_roll, uniq_josephine
Spider:2: layout_chambers, worms_lemuel, uniq_mlioglotl
Spider:3: layout_spider_delve, nicolae_spider_baby_got_redback, uniq_mara
Spider:4: grunt_spider_rune_parallel, nicolae_spider_scorpion_nest
Orc:1:    layout_caves
Orc:2:    st_orc_rangers, layout_diamond_mine, mines2_lemuel
Elf:1:    eino_elf_arrival_shootout, layout_onion_city, serial_shops,
          shop_statue, orc_legates
Elf:2:    nicolae_elf_blades_crystal_corner, layout_loops_cross, serial_shops,
          nicolae_stop_n_shop_2, basic_altar
Elf:3:    minmay_elf_hall_four_x, layout_geoelf_octagon, serial_shops,
          shop_fountains, minmay_misc_feat_alley, uniq_asterion, uniq_louise
Vaults:1: nicolae_vaults_theta, nicolae_vaults_little_squares_3,
          vaults_dpeg_hooks, nicolae_vaults_little_squares_5,
          nicolae_vaults_wine_cellar, nicolae_vaults_little_squares_6,
          v_pattern_1, v_rooms_2, dpeg_vaults_monster_box,
          layout_vaults_omnigrid, uniq_zenata
Vaults:2: nicolae_vaults_offset_grid_hallway_2, ontoclasm_vaults_claustrophobia,
          ontoclasm_vaults_bender, vaults_standard_mumra_enter_the_diamond,
          v_misc_10, v_misc_29, nicolae_vaults_trapezoid_3,
          nicolae_vaults_network_s, nicolae_vaults_rhombus_6,
          nicolae_vaults_layer_cake_slice, vaults_room_mumra_shop_pool,
          v_misc_12, vaults_room_door_ring, vaults_dpeg_encased_lava,
          layout_vaults_omnicross, serial_shops, nicolae_shop_real_fake_doors,
          uniq_bai_suzhen
Vaults:3: nicolae_vaults_specimen_jars, st_octagons_1,
          nicolae_vaults_angled_halls, nicolae_vaults_tetromino_L_1,
          minmay_crypt_entry_nasty_monster, nicolae_vaults_sightless_eye,
          ontoclasm_vaults_decontamination, nicolae_vaults_gold_heap, v_misc_19,
          nicolae_vaults_theta, serial_ice_b, hangedman_vaults_slice,
          nicolae_vaults_surprise_closet, layout_vaults_big_room, uniq_xtahua
Vaults:4: nicolae_vaults_c_with_doors, nicolae_vaults_mitosis,
          nicolae_vaults_trapezoid_4, v_alt_pattern_6, v_pattern_5,
          nicolae_vaults_shrinking_rooms_1, nicolae_vaults_double_plus_2,
          nicolae_vaults_trapezoid_lopsided_3,
          nicolae_vaults_doubleplus_tesselated, vaults_room_grid,
          vaults_standard_mumra_x, serial_ice_h, layout_vaults_ring,
          serial_shops, shop
Depths:1: kennysheep_six_static_rooms, layout_gridlike, enter_ziggurat_b,
          grunt_hell_horde, hangedman_abyss_or_decor_slice,
          abyss_entry_flame_altar, chequers_jeans, nicolae_diode_stairs,
          uniq_sojobo
Depths:2: nicolae_BIG_FREAKIN_CUBE, layout_cave_pools,
          grunt_hell_entry_dis_grunt, grunt_pan_entry_zigzag,
          nicolae_ru_sacrificial_ziggurat, uniq_enchantress
Depths:3: little_maze_vault, layout_gridlike, abyss_entry,
          hellmonk_bongcloud_opening, hangedman_coc_ice_floe,
          minmay_misc_feat_tiny, minmay_staircase_bubble
Depths:4: evilmike_zot_entry_hall, layout_gridville, hell_entry,
          abyss_entry_glasseish, nicolae_shop_vocational, uniq_frederick

Skill      XL: |  1  2  3  4  5  6  7  8  9 10 11 12 13 14 15 16 17 18 19 20 21 22 23 |
---------------+----------------------------------------------------------------------+-----
Axes           | 3 4 5 6 7 9 11 13 15 16 18 19 20 21 22 23 24 | 24.0
Fighting       | 4 5 6 7 8 9 10 11 12 13 14 15 16 17 18 19 20 | 20.5
Dodging        | 1 2 3 4 6 7 8 9 10 11 12 13 14 15 16 | 16.0
Armour         | 4 5 6 7 8 9 10 11 12 13 14 15 16 17 18 | 18.6
Invocations    | 4 7 8 10 11 12 14 15 16 17 19 20 | 20.7
Throwing       | 1 4 5 6 8 9 10 11 12 13 | 13.7
Evocations     | 3 5 6 8 9 10 11 12 13 | 13.7
Translocations | 1 |  1.0
Transmutations | 1 |  1.0
Shields        | |  3.2

Action                     |  1- 3 |  4- 6 |  7- 9 | 10-12 | 13-15 | 16-18 | 19-21 | 22-24 || total
---------------------------+-------+-------+-------+-------+-------+-------+-------+-------++-------
  Melee: War axe           |   100 |   122 |   295 |    51 |       |       |       |       ||   568
         Broad axe         |       |       |       |   549 |   961 |  1450 |  1222 |       ||  4182
         Double sword      |       |       |       |       |    10 |    87 |       |       ||    97
         Executioner's axe |       |       |       |       |       |       |   400 |  1079 ||  1479
  Throw: Boomerang         |       |       |       |     3 |       |       |    34 |       ||    37
 Invoke: Convert to Beogh  |       |       |     1 |       |       |       |       |       ||     1
         Smiting           |       |       |       |     7 |     1 |     4 |    18 |     3 ||    33
  Evoke: Wand              |       |       |     2 |     9 |       |       |     8 |     3 ||    22
         Lightning rod     |       |       |       |       |     2 |       |     5 |       ||     7
         Piece from Xom's  |       |       |       |       |       |       |     1 |       ||     1
    Use: Potion            |       |       |     1 |     1 |     2 |     3 |    10 |     4 ||    21
         Scroll            |       |       |     1 |    18 |     9 |     1 |     8 |     6 ||    43
   Stab: Distracted        |       |       |       |       |    13 |     7 |     1 |     6 ||    27
         Petrified         |       |       |       |       |     4 |       |       |       ||     4
         Paralysed         |       |       |       |       |       |     3 |       |       ||     3
         Held in net/web   |       |       |       |       |       |     1 |       |       ||     1
 Armour: Scale mail        |    61 |    75 |   176 |   157 |       |       |       |       ||   469
         Plate armour      |       |       |       |    85 |       |       |       |       ||    85
         Ring mail         |       |       |       |    18 |       |       |       |       ||    18
         Crystal plate arm |       |       |       |       |   638 |  1463 |  1023 |   710 ||  3834
  Dodge: Dodged            |    46 |    70 |   166 |   348 |   461 |  1149 |   925 |   856 ||  4021
  Block: Buckler           |    24 |    27 |    74 |   142 |    22 |       |       |       ||   289
         Kite shield       |       |       |       |       |   355 |   856 |   615 |       ||  1826

Table legend: (Time is in decaauts)
 A = Elapsed time spent in this place.
 B = Non-inter-level travel time spent in this place.
 C = Inter-level travel time spent in this place.
 D = Time resting spent in this place.
 E = Time spent auto-exploring this place.
 F = Levels seen in this place.
 G = Mean time per level.
                   A        B        C        D        E       F      G
               +--------+--------+--------+--------+--------+-----+--------+
         Total |  56898 |  54078 |   2820 |  18354 |  23596 |  44 | 1293.1 |
       Dungeon |  15071 |  14077 |    994 |   2960 |   7713 |  15 | 1004.7 |
          Lair |   5155 |   4682 |    473 |    132 |   3558 |   5 | 1031.0 |
         Swamp |   5460 |   5306 |    154 |   2827 |   1419 |   4 | 1365.0 |
   Spider Nest |   6313 |   6132 |    181 |   2810 |   2006 |   4 | 1578.2 |
  Orcish Mines |   1260 |   1174 |     86 |    269 |    784 |   2 |  630.0 |
   Elven Halls |  11056 |  10500 |    556 |   6208 |   2317 |   3 | 3685.3 |
        Vaults |   6722 |   6542 |    180 |   1772 |   3406 |   4 | 1680.5 |
        Depths |   4740 |   4547 |    193 |   1218 |   2155 |   4 | 1185.0 |
       Ossuary |    344 |    344 |      0 |    157 |     74 |   1 |  344.0 |
        Bailey |    310 |    310 |      0 |      0 |    162 |   1 |  310.0 |
      Ice Cave |    463 |    463 |      0 |      0 |      0 |   1 |  463.0 |
               +--------+--------+--------+--------+--------+-----+--------+

Top non-repeatable levels by time:
   Elf:3: 5572 daAuts
   Elf:2: 3160 daAuts
   Elf:1: 2323 daAuts
Vaults:2: 2293 daAuts
Spider:2: 2120 daAuts
Vaults:1: 2079 daAuts
 Swamp:3: 1944 daAuts
    D:15: 1909 daAuts
Depths:3: 1885 daAuts
Depths:1: 1853 daAuts
Spider:4: 1825 daAuts
 Swamp:2: 1506 daAuts
    D:12: 1452 daAuts
Spider:1: 1416 daAuts
    D:13: 1377 daAuts
